 Dungeon Crawl Stone Soup version 0.21-a0-51-gea492e9 (webtiles) character file.

412 grindst0ne the Chopper (level 6, -4/41 HPs)
             Began as a Tengu Berserker on June 12, 2017.
             Was a Priest of Trog.
             Slain by an ogre
             ... wielding a +0 giant spiked club
              (18 damage)
             ... on level 4 of the Dungeon.
             The game lasted 00:05:57 (4958 turns).

grindst0ne the Chopper (Tengu Berserker)            Turns: 4958, Time: 00:05:58

Health: -4/41      AC: 21    Str: 17    XL:     6   Next: 90%
Magic:  16/16      EV:  5    Int:  8    God:    Trog [***...]
Gold:   138        SH:  0    Dex: 15    Spells: 5/5 levels left

rFire    . . .     SeeInvis .   e - +0 mace (protect)
rCold    . . .     Gourm    .   (no shield)
rNeg     . . .     Faith    .   s - +0 plate armour (curse)
rPois    .         Spirit   .   (helmet restricted)
rElec    .         Reflect  .   (no cloak)
rCorr    .         Harm     .   n - +0 pair of gloves
MR       .....                  (boots unavailable)
Stlth    ..........             (no amulet)
Regen    0.2/turn               k - ring of magical power
MPRegen  0.2/turn               (no ring)

@: protection aura
A: beak, talons 3, yellow scales 1, evolution 1, able to fly 1
a: Fly, Berserk, Trog's Hand, Burn Spellbooks, Renounce Religion


You were on level 4 of the Dungeon.
You worshipped Trog.
Trog was most pleased with you.
You were not hungry.

You visited 2 branches of the dungeon, and saw 5 of its levels.

You collected 138 gold pieces.

Inventory:

Hand Weapons
 a - a +0 hand axe
 e - a +0 mace of protection (weapon)
Armour
 b - a +0 animal skin
 d - a +0 leather armour
 n - a +0 pair of gloves (worn)
 s - a cursed +0 plate armour (worn)
Jewellery
 k - a ring of magical power (left hand)
Scrolls
 f - 3 scrolls of teleportation
 h - 2 scrolls of immolation
 o - 2 scrolls of remove curse
 p - a scroll of blinking
 q - a scroll of enchant armour {unknown}
 r - a scroll of noise {unknown}
 t - a scroll of fear {unknown}
 u - a scroll of fog {unknown}
Potions
 g - a potion of lignification
 m - 2 potions of curing
Comestibles
 c - 3 bread rations
 i - 3 fruits
 j - 2 chunks of flesh


   Skills:
 + Level 5.6 Fighting
 + Level 6.3 Axes
 - Level 2.1 Armour
 - Level 2.1 Dodging


You had 5 spell levels left.
You didn't know any spells.

Dungeon Overview and Level Annotations

Branches:
Dungeon (4/15)             Temple (1/1) D:4

Altars:
Ashenzari
Cheibriados
Dithmenos
Elyvilon
Fedhas
Gozag
Hepliaklqana
Kikubaaqudgha
Makhleb
Nemelex Xobeh
Qazlal
Ru
Trog
Vehumet
Wu Jian
Xom
Zin
The Shining One


Innate Abilities, Weirdness & Mutations

You have a beak for a mouth.
You have claws for feet.
You can fly.
You are partially covered in yellow scales. (AC +2)
You evolve.


Message History

You hit the ogre. You peck the ogre.
The ogre is heavily wounded.
You barely miss the ogre.
The ogre is heavily wounded.
The ogre hits you with a giant spiked club!
* * * LOW HITPOINT WARNING * * *
You feel much better. The ogre barely misses you.
You hit the ogre.
Your weapon exudes an aura of protection.
Your kick misses the ogre.
The ogre is heavily wounded.
The ogre hits you with a giant spiked club.
You hit the ogre. You claw the ogre, but do no damage.
You peck the ogre, but do no damage.
The ogre is heavily wounded.
The ogre hits you with a giant spiked club!!
You hit the ogre. You claw the ogre.
The ogre is heavily wounded.
The ogre hits you with a giant spiked club!!
You die...

≈≈≈≈.......##._.###._.##.###..[..
≈♣≈≈...########## #####...##.....
≈≈≈≈...# #...# ##....#......#
≈≈≈...♣# ##...####.....##.....#
.....♣♣ ###.....#..#.....##..#..
....♣♣ #...#.....###.......####
...♣♣ #.####..######'###..####
....♣♣ ### ##.# #.....#...##.
.....♣♣ #@####.⌠.⌠.#......
≈≈≈...♣ ### #O##.'..>..'.###..
≈≈≈≈..♣♣ #.# #.##.#.⌠.⌠.#..####
≈_≈≈...♣ #.#####..#.#.....##.##..
≈≈≈≈..♣♣ #..........###'####....#
≈≈≈...♣ #............#...###.###
.....♣♣ #.............##..##.#
....♣♣ #.............##.....#
...♣♣ #..##..######...####.##


You could see an ogre.

Vanquished Creatures
  An ogre (D:4)
  A scorpion (D:4)
  A hound (D:4)
  A centaur skeleton (D:4)
  2 iguanas (D:4)
  2 worker ants (D:4)
  2 adders (D:4)
  3 oozes
  A dart slug (D:3)
  3 leopard geckos
  6 orcs
  2 ball pythons (D:3)
  6 bats
  4 giant cockroaches
  10 goblins
  8 hobgoblins
  9 jackals
  6 kobolds
  A quokka (D:4)
  6 frilled lizards
  4 rats
79 creatures vanquished.

Notes
Turn   | Place    | Note
-------+----------+-------------------------------------------
     0 | D:1      | grindst0ne the Tengu Berserker began the quest for the Orb.
     0 | D:1      | Reached XP level 1. HP: 14/14 MP: 2/2
   136 | D:1      | Reached XP level 2. HP: 14/19 MP: 3/3
   571 | D:1      | Reached ** piety under Trog
   725 | D:1      | Reached XP level 3. HP: 22/23 MP: 4/4
   887 | D:1      | Reached skill level 4 in Axes
  1530 | D:2      | Found a radiant altar of Vehumet.
  1634 | D:2      | Reached XP level 4. HP: 29/29 MP: 5/5
  2187 | D:3      | Reached *** piety under Trog
  2534 | D:4      | Found a snail-covered altar of Cheibriados.
  2568 | D:4      | Reached skill level 5 in Axes
  2568 | D:4      | Gained mutation: You can fly. [Tengu growth]
  2568 | D:4      | Reached XP level 5. HP: 27/34 MP: 6/6
  2762 | D:4      | Found a white marble altar of Elyvilon.
  3360 | D:4      | Found a staircase to the Ecumenical Temple.
  3408 | D:4      | Reached skill level 5 in Fighting
  3408 | D:4      | Reached XP level 6. HP: 30/40 MP: 7/7
  3416 | Temple   | Entered the Ecumenical Temple
  3679 | D:4      | Gained mutation: You are partially covered in yellow scales. (AC +2) [potion of mutation]
  3679 | D:4      | Gained mutation: You evolve. [potion of mutation]
  4005 | D:4      | Found a shimmering altar of Xom.
  4005 | D:4      | Found an ornate altar of the Wu Jian Council.
  4112 | D:4      | Reached skill level 6 in Axes
  4958 | D:4      | Slain by an ogre

Vault maps used:
D:1:      dpeg_arrival_line_fractal, roderic_lattice_a, grunt_decor_cap
D:2:      lemuel_round_altar, first_bread, minmay_misc_feat_room,
          minmay_crystal_water
D:4:      cheibriados_altar_1, elyvilon_altar_3,
          gammafunk_temple_overflow_pools, marbit_many_paths,
          minmay_temple_entry_hall
Temple:   nicolae_temple_figure_eight

Skill      XL: |  1  2  3  4  5  6 |
---------------+-------------------+-----
Axes           | 4 5 6 |  6.3
Fighting       | 4 5 |  5.6
Armour         | |  2.1
Dodging        | |  2.1

Action                   |  1- 3 |  4- 6 || total
-------------------------+-------+-------++-------
Melee: Hand axe          |    96 |   135 ||   231
       Kick              |    27 |    52 ||    79
       Peck              |    14 |    39 ||    53
       Mace              |       |    35 ||    35
  Use: Potion            |       |     7 ||     7
       Scroll            |       |     4 ||     4
 Stab: Sleeping          |       |     1 ||     1
  Eat: Chunk             |     2 |     6 ||     8
       Bread ration      |       |     1 ||     1
Armor: Animal skin       |    25 |       ||    25
       Leather armour    |     7 |    26 ||    33
       Skin              |       |    35 ||    35
       Plate armour      |       |     6 ||     6
Dodge: Dodged            |    74 |    83 ||   157
